 Dungeon Crawl Stone Soup version 0.31-a0-237-g2d982f9f85 (webtiles) character file.

Game seed: 12812949723499638320

276962 Gargoyl the Warrior (level 20, -3/137 HPs)
             Began as a Gargoyle Berserker on July 10, 2023.
             Was a High Priest of Trog.
             Killed from afar by a quicksilver dragon (24 damage)
             ... with a bolt of dispelling energy
             ... on level 4 of the Vaults on July 11, 2023.
             The game lasted 01:03:40 (31531 turns).

Gargoyl the Warrior (Gargoyle Berserker)           Turns: 31531, Time: 01:03:41

Health: -3/137     AC: 50    Str: 36    XL:     20   Next: 79%
Magic:  20/20      EV: 13    Int:  8    God:    Trog [*****.]
Gold:   3672       SH: 26    Dex: 14    Spells: 19/19 levels left

rFire   . . .        g - +9 war axe (flame)
rCold   + + .        X - +2 tower shield {rC+}
rNeg    + . .        H - +4 chain mail "Kosigong" {Rampage rCorr Str+3}
rPois   ∞            i - +0 helmet of Apathy {rCorr}
rElec   +            m - +2 cloak
rCorr   +            z - +2 pair of gloves
SInv    .            b - +3 pair of mountain boots {steadfast, rC+}
Will    +....        K - amulet of reflection Stlth
                     o - +4 ring of protection
HPRegen 0.42/turn    h - +6 ring of strength
MPRegen 0.17/turn

%: reflection, rampage
@: flying
A: sickness immunity, AC +15, big wings, negative energy resistance 1,
electricity resistance, torment resistance 1, petrification resistance, strong
1, wild magic 1, evolution 1
}: 1/15 runes: barnacled
a: Renounce Religion, Berserk, Trog's Hand, Brothers in Arms


You were on level 4 of the Vaults.
You worshipped Trog.
Trog was extremely pleased with you.
You visited 5 branches of the dungeon, and saw 31 of its levels.
You also visited: Gauntlet and Ice Cave.

You collected 4744 gold pieces.
You spent 1072 gold pieces at shops.

Inventory:

Hand Weapons
 a - a +5 war axe of electrocution
 g - a +9 war axe of flaming (weapon)
 w - a +7 demon trident
 O - a +3 broad axe
 S - the +6 spear "Gibouq" {holy, rElec rPois Str-3}
   (You found it on level 14 of the Dungeon)

   Str:       It affects your strength (-3).
   rElec:     It insulates you from electricity.
   rPois:     It protects you from poison.
Missiles
 p - 19 poisoned darts
 v - 2 throwing nets
Armour
 b - the +3 pair of mountain boots (worn) {steadfast, rC+}
   (You acquired it on level 2 of the Orcish Mines)

   Steadfast: It prevents involuntary movement, except for blinking,
   teleportation, or banishment.
   rC:        It protects you from cold.
 i - the +0 helmet of Apathy (worn) {rCorr}
   (You took it off Robin on level 2 of the Dungeon)

   rCorr:     It protects you from acid and corrosion.
 m - a +2 cloak (worn)
 z - a +2 pair of gloves (worn)
 H - the +4 chain mail "Kosigong" (worn) {Rampage rCorr Str+3}
   (You found it on level 9 of the Dungeon)

   Str:       It affects your strength (+3).
   rCorr:     It protects you from acid and corrosion.
   Rampage:   It bestows one free step when moving towards enemies.
 X - a +2 tower shield of cold resistance (worn)
Jewellery
 c - an amulet of regeneration
 h - a +6 ring of strength (right hand)
 o - a +4 ring of protection (left hand)
 u - an amulet of the acrobat
 K - an amulet of reflection (around neck)
Wands
 j - a wand of digging (21)
 l - a wand of flame (31)
 q - a wand of paralysis (29)
 x - a wand of polymorph (20)
 y - a wand of mindburst (10)
 E - a wand of roots (28)
 I - a wand of acid (4)
Scrolls
 r - a scroll of silence
 t - a scroll of blinking
 A - 2 scrolls of poison
 B - 22 scrolls of identify
 G - 7 scrolls of teleportation
 J - 4 scrolls of fog
 M - 3 scrolls of fear
 P - 2 scrolls of revelation
Potions
 d - 5 potions of magic
 e - 4 potions of might
 f - 4 potions of invisibility
 k - 3 potions of heal wounds
 n - 14 potions of curing
 s - 2 potions of resistance
 C - 5 potions of ambrosia
 D - 8 potions of berserk rage
 F - 2 potions of enlightenment
 L - a potion of cancellation
 R - 2 potions of mutation
 U - 2 potions of haste


   Skills:
 + Level 18.4 Fighting
 + Level 17.4 Axes
 + Level 2.1(13.9) Polearms
 + Level 13.8(13.9) Staves
 * Level 9.3 Throwing
 + Level 14.6 Armour
 + Level 8.5 Dodging
 + Level 5.7 Stealth
 + Level 16.1 Shields


You had 19 spell levels left.
You didn't know any spells.
Your spell library was empty.

Dungeon Overview and Level Annotations

Branches:
Dungeon (15/15)            Temple (0/1) D:6            Lair (5/5) D:11
 Shoals (4/4) Lair:3       Spider (0/4) Lair:2        Slime (0/5) Lair:5
    Orc (2/2) D:9             Elf (0/3) Orc:2        Vaults (5/5) D:14
  Crypt (0/3) Vaults:2     Depths (0/4) D:15          IceCv (visited)
Gauntlet (visited)

Altars:
Ashenzari
Cheibriados
Fedhas
Trog
Wu Jian
Zin
Jiyva

Shops:
D:1 *   D:9 ?   D:11 ?   D:12 =*:   Orc:2 *(*?   Shoals:4 [*!   Vaults:3 =

Annotations:
D:3 pornopis's ghost, amateur TrTm
Lair:1 Essalna's ghost, novice DrTm
Lair:3 2 transporters, Boihitt's ghost, journeyman DjEE


Innate Abilities, Weirdness & Mutations

You are immune to sickness and miasma.
Your stone body is resilient. (AC +15)
You are immune to poison.
Your large and strong wings let you fly.
You resist negative energy. (rN+)
You are resistant to electric shocks. (rElec)
You are resistant to unholy torment.
You are immune to petrification.
Your muscles are strong. (Str +4, Int/Dex -1)
Your spells are a little harder to cast, but a little more powerful.
You have hidden genetic potential.


Message History

You fly upwards.
There is a stone staircase leading down, spattered with blood here.
Things that are here:
a +0 plate armour; a +0 battleaxe You feel much better.
You block the quicksilver dragon's attack. x2
The golden dragon bites you but does no damage.
The golden dragon claws you but does no damage.
The golden dragon tramples you but does no damage.
The stone giant hits you!
You feel much better.
The quicksilver dragon breathes dispelling energy at you.
The bolt of dispelling energy hits you!!
Your magical effects are unravelling.
* * * LOW HITPOINT WARNING * * *
You block the quicksilver dragon's attack.
The quicksilver dragon barely misses you.
You block the stone giant's attack. You block the golden dragon's attack.
The golden dragon closely misses you.
The golden dragon completely misses you.
You feel much better.
You are no longer corroded.
The quicksilver dragon breathes dispelling energy at you.
The bolt of dispelling energy hits you!
* * * LOW HITPOINT WARNING * * *
You block the golden dragon's attack. x2
The golden dragon tramples you but does no damage.
The stone giant hits you but does no damage.
Blink to where?
Press: ? - help, Dir - move target
As you read the scroll of blinking, it crumbles to dust.
As you read the scroll of teleportation, it crumbles to dust.
You feel strangely unstable.
The quicksilver dragon breathes dispelling energy at you.
The bolt of dispelling energy hits you!!
You feel strangely stable.
* * * LOW HITPOINT WARNING * * *
The quicksilver dragon breathes dispelling energy at you.
The bolt of dispelling energy hits you!!
You die...

#.........#
#.........#
#.........#
#.........#
#.........#
#.........#
#.........#
#.........# #####
#.....D..@#
#.#.########C#####
^...^##....C..#
.....)#..[.D..#
..<..##..[[D..#
......'..[>[..#
^...^##..[[[..#
#.#.###.......#
##### #.......#


You could see a quicksilver dragon (catching breath) and a stone giant.

Vanquished Creatures
  Nikola (Shoals:1)
  Rupert (D:12)
  A sphinx (Vaults:4)
  Gastronok (Lair:1)
  Donald (Shoals:3)
  Frances (Shoals:1)
  Ilsuiw (Shoals:4)
  2 frost giants
  A deep elf sorcerer (Vaults:1)
  9 vault wardens
  Aizul (Shoals:3)
  A reaper (Lair:3)
  An orc warlord (Vaults:4)
  13 ironbound preservers
  A formless jellyfish (Vaults:2)
  A stone giant (Vaults:2)
  Nessos (Orc:2)
  4 ironbound thunderhulks
  The ghost of Fifoluuw the Grappler, a journeyman TrTm of Wu Jian (Orc:1)
  18 dire elephants
  A minotaur (Gauntlet)
  5 merfolk javelineers (Shoals:4)
  Josephine (D:13)
  2 fire dragons
  An entropy weaver (Vaults:4)
  12 merfolk impalers
  Harold (Lair:2)
  23 vault guards (Vaults:4)
  6 great orbs of eyes
  4 yaktaur captains
  5 hydras
  An ice dragon (D:15)
  3 merfolk avatars
  6 merfolk aquamancers
  7 ironbound frosthearts
  10 two-headed ogres
  3 alligator snapping turtles
  13 centaur warriors
  A deep troll shaman (Lair:5)
  4 death yaks (Lair:5)
  3 tengu warriors
  3 boulder beetles
  5 orc high priests
  Urug (Lair:3)
  4 satyrs
  Sonja (Lair:1)
  Nergalle (D:12)
  11 skysharks
  A wretched star (Gauntlet)
  11 skeletal warriors
  11 sea snakes
  30 deep trolls
  An orb spider (Lair:2)
  A glowing orange brain (Vaults:1)
  A deep elf archer (D:14)
  38 harpies
  17 ironbound convokers
  6 wizards
  Pikel (D:4)
  11 orc knights
  4 lindwurms
  32 ugly things
  A wolf spider (D:15)
  A deep elf pyromancer (D:12)
  4 orc sorcerers (Orc:2)
  5 cyclopes
  18 manticores
  12 fauns
  A moth of wrath (Orc:1)
  Maurice (Orc:2)
  21 elephants
  An elephant (shapeshifter) (D:14)
  An eye of devastation (Gauntlet)
  7 black mambas
  12 merfolk sirens
  3 ice statues (IceCv)
  9 water nymphs
  A gargoyle (D:14)
  13 vault sentinels
  Maggie (D:6)
  10 cane toads
  An unseen horror (D:11)
  13 rime drakes
  11 komodo dragons
  A rime drake (shapeshifter) (D:15)
  2 anaconda simulacra (IceCv)
  A freezing wraith (D:14)
  42 yaktaurs
  7 trolls
  3 yaktaur skeletons (Vaults:2)
  2 tengu conjurers
  3 meliai (D:15)
  6 wind drakes
  A polar bear (Lair:5)
  22 merfolk
  A tarantella (Vaults:4)
  4 hornets
  Grinder (D:4)
  A hornet (shapeshifter) (Lair:1)
  9 snapping turtles
  A dream sheep (Lair:3)
  11 blink frogs
  44 slime creatures
  A shadow (D:9)
  A jumping spider (Vaults:4)
  A centaur simulacrum (D:15)
  9 wraiths
  4 vampires
  8 water elementals
  46 yaks
  A human (Lair:3)
  3 wyverns
  A redback (Vaults:4)
  3 basilisks
  2 neqoxecs (Gauntlet)
  10 steam dragons
  6 vampire mosquitoes (D:13)
  3 elf skeletons (Vaults:2)
  7 wargs
  A death yak simulacrum (IceCv)
  Menkaure (D:6)
  An acid dragon (Lair:2)
  Duvessa (D:6)
  12 water moccasins
  A floating eye (Gauntlet)
  22 orc warriors
  2 black bears
  A sky beast (D:6)
  An ice beast (D:7)
  27 wolves
  5 boggarts (D:14)
  A tengu (shapeshifter) (D:15)
  6 ogres
  11 centaurs
  A phantom (D:4)
  2 human skeletons (Vaults:2)
  2 lemures (D:4)
  A kobold brigand (D:10)
  Blork the orc (D:4)
  16 bullfrogs
  A scorpion (D:4)
  A wight (D:7)
  Dowan (D:6)
  3 killer bees (D:11)
  A small abomination (Gauntlet)
  2 electric eels (D:12)
  7 howler monkeys
  4 jellies
  14 orc priests
  2 hounds (D:6)
  A gnoll bouda (D:6)
  Crazy Yiuf (D:2)
  3 sleepcaps
  3 iguanas
  20 orc wizards
  3 polar bear simulacra (IceCv)
  2 wolf simulacra (IceCv)
  Robin (D:2)
  4 adders
  13 gnolls
  2 shadow imps
  2 white imps
  2 ufetubi
  2 worms
  2 dart slugs (D:2)
  78 orcs
  7 ball pythons
  9 endoplasms
  3 giant cockroaches
  13 goblins
  11 hobgoblins
  2 quokkas
  7 bats
  3 frilled lizards
  12 kobolds
  8 rats
1145 creatures vanquished.

Vanquished Creatures (collateral kills)
  The ghost of Focy the Severer, an adept MiFi of Gozag (Shoals:2)
  3 dire elephants (Vaults:4)
  2 slime creatures (D:13)
  A vault guard (Vaults:5)
  A hydra (Lair:3)
  A catoblepas (Lair:5)
  A merfolk aquamancer (Shoals:2)
  2 skeletal warriors (Vaults:2)
  A faun (Shoals:2)
  A merfolk siren (Shoals:4)
  A yaktaur skeleton (Vaults:2)
  A troll (D:13)
  A snapping turtle (Shoals:2)
  An elf skeleton (Vaults:2)
  2 yaks (Lair:1)
  An orc warrior (Orc:2)
21 creatures vanquished.

Vanquished Creatures (others)
  A kobold zombie (D:4)
1 creature vanquished.

Grand Total: 1167 creatures vanquished

Notes
Turn   | Place    | Note
-------+----------+-------------------------------------------
     0 | D:1      | Gargoyl the Gargoyle Berserker began the quest for the Orb.
     0 | D:1      | Reached XP level 1. HP: 14/14 MP: 1/1
    54 | D:1      | Reached XP level 2. HP: 5/19 MP: 2/2
   308 | D:1      | Reached XP level 3. HP: 24/24 MP: 3/3
   446 | D:1      | Found Ofeq's General Store.
   690 | D:2      | Identified the +0 helmet of Apathy {rCorr}
   690 | D:2      | Noticed Robin
   697 | D:2      | Reached ** piety under Trog
   702 | D:2      | Killed Robin
   703 | D:2      | Reached XP level 4. HP: 29/29 MP: 4/4
   993 | D:2      | Reached skill level 4 in Fighting
  1030 | D:2      | Found a runed translucent door.
  1031 | D:2      | Noticed Crazy Yiuf
  1349 | D:2      | Killed Crazy Yiuf
  1350 | D:2      | Reached XP level 5. HP: 33/33 MP: 5/5
  1647 | D:3      | Found a broken altar of Ashenzari.
  1685 | D:3      | Found a blossoming altar of Fedhas.
  1689 | D:3      | Found a transporter.
  1717 | D:3      | Saw a vision of the Shoals and the Spider Nest.
  1717 | D:3      | Noticed a steelbarb worm
  1717 | D:3      | Noticed a tarantella
  1717 | D:3      | Noticed a jumping spider
  1717 | D:3      | Noticed a merfolk impaler
  1717 | D:3      | Noticed a demonic crawler
  1717 | D:3      | Noticed a wolf spider
  1717 | D:3      | Noticed a culicivora
  1717 | D:3      | Noticed a tarantella
  1717 | D:3      | Noticed a sea snake
  1717 | D:3      | Noticed a culicivora
  1717 | D:3      | Noticed a redback
  1717 | D:3      | Noticed a water nymph
  1717 | D:3      | Noticed a skyshark
  1717 | D:3      | Noticed a jorogumo
  1718 | D:3      | Noticed a wolf spider
  1718 | D:3      | Noticed a wind drake
  1718 | D:3      | Noticed a pharaoh ant
  1718 | D:3      | Noticed a jumping spider
  1719 | D:3      | Noticed a tarantella
  1774 | D:3      | Found a faded altar of an unknown god.
  2134 | D:3      | Found a transporter.
  2136 | D:3      | Gained mutation: You expend magic power (3 MP) to
                  | strengthen your wands. [potion of mutation]
  2136 | D:3      | Gained mutation: You are partially covered in iridescent
                  | scales. (AC +2) [potion of mutation]
  2136 | D:3      | Gained mutation: Potions are less effective at restoring
                  | your health. [potion of mutation]
  2136 | D:3      | Gained mutation: You have large cloven feet. [potion of
                  | mutation]
  2137 | D:3      | Lost mutation: Potions are less effective at restoring your
                  | health. [potion of mutation]
  2137 | D:3      | Lost mutation: You expend magic power (3 MP) to strengthen
                  | your wands. [potion of mutation]
  2137 | D:3      | Lost mutation: You have large cloven feet. [potion of
                  | mutation]
  2137 | D:3      | Gained mutation: You sometimes lose your temper in combat.
                  | [potion of mutation]
  2137 | D:3      | Gained mutation: You have sharp toenails. [potion of
                  | mutation]
  2137 | D:3      | Gained mutation: You expend magic power (3 MP) to
                  | strengthen your wands. [potion of mutation]
  2137 | D:3      | Gained mutation: You have a pair of small antennae on your
                  | head. [potion of mutation]
  2138 | D:3      | Lost mutation: You expend magic power (3 MP) to strengthen
                  | your wands. [potion of mutation]
  2138 | D:3      | Lost mutation: You have sharp toenails. [potion of
                  | mutation]
  2138 | D:3      | Gained mutation: You are somewhat resistant to further
                  | mutation. [potion of mutation]
  2154 | D:3      | Reached skill level 1 in Staves
  2167 | D:3      | Reached XP level 6. HP: 29/38 MP: 6/6
  2182 | D:3      | Identified the +9 trident "Nuymu" {venom, rElec rPois rN+
                  | Stlth+}
  2182 | D:3      | Identified the +0 ring mail of Minor Irritation {-Cast
                  | Rampage rPois Dex+4}
  2182 | D:3      | Identified the +0 buckler "Coinuom" {Drain rElec Int+4}
  2272 | D:3      | Noticed pornopis's ghost (amateur TrTm)
  2517 | D:4      | Noticed Grinder
  2532 | D:4      | Killed Grinder
  2533 | D:4      | Reached skill level 1 in Stealth
  2533 | D:4      | Reached XP level 7. HP: 44/44 MP: 7/7
  2575 | D:4      | Noticed Pikel
  2596 | D:4      | Killed Pikel
  2597 | D:4      | Reached skill level 5 in Fighting
  2597 | D:4      | Reached skill level 5 in Staves
  2597 | D:4      | Reached skill level 5 in Armour
  2597 | D:4      | Reached XP level 8. HP: 49/49 MP: 8/8
  2599 | D:4      | Lost mutation: You have a pair of small antennae on your
                  | head. [potion of mutation]
  2599 | D:4      | Lost mutation: You are partially covered in iridescent
                  | scales. (AC +2) [potion of mutation]
  2599 | D:4      | Gained mutation: You are weak. (Str -2) [potion of
                  | mutation]
  2827 | D:4      | Noticed Blork the orc
  2841 | D:4      | Killed Blork the orc
  3171 | D:5      | Entered Level 5 of the Dungeon
  3204 | D:5      | Reached *** piety under Trog
  3790 | D:6      | Noticed Maggie
  3791 | D:6      | Noticed a hornet
  3795 | D:6      | Found a glowing silver altar of Zin.
  3815 | D:6      | Killed Maggie
  3816 | D:6      | Reached XP level 9. HP: 43/55 MP: 9/9
  3820 | D:6      | Killed a hornet
  3865 | D:6      | Noticed Menkaure
  3872 | D:6      | Killed Menkaure
  3873 | D:6      | Reached skill level 6 in Fighting
  4103 | D:6      | Found a staircase to the Ecumenical Temple.
  4328 | D:6      | Noticed Duvessa
  4328 | D:6      | Noticed Dowan
  4338 | D:6      | Killed Dowan
  4342 | D:6      | Killed Duvessa
  5486 | D:8      | Lost mutation: You are somewhat resistant to further
                  | mutation. [potion of mutation]
  5486 | D:8      | Lost mutation: You are weak. (Str -2) [potion of mutation]
  5486 | D:8      | Lost mutation: You sometimes lose your temper in combat.
                  | [potion of mutation]
  5486 | D:8      | Gained mutation: Your mind is acute. (Int +4, Str/Dex -1)
                  | [potion of mutation]
  5606 | D:8      | Reached XP level 10. HP: 61/61 MP: 10/10
  6078 | D:8      | Found an ornate altar of the Wu Jian Council.
  6303 | D:9      | Identified the +4 chain mail "Kosigong" {Rampage rCorr
                  | Str+3}
  6377 | D:9      | Found a staircase to the Orcish Mines.
  6443 | D:9      | Noticed a two-headed ogre
  6453 | D:9      | Killed a two-headed ogre
  6454 | D:9      | Reached skill level 7 in Fighting
  6482 | D:9      | Found The Oracle's Delphic Readings.
  6487 | D:9      | Bought a scroll of enchant weapon for 75 gold pieces
  7035 | D:10     | Entered Level 10 of the Dungeon
  7055 | D:10     | Reached **** piety under Trog
  7058 | D:10     | Reached skill level 10 in Staves
  7235 | D:10     | Noticed a two-headed ogre
  7259 | D:10     | Killed a two-headed ogre
  7429 | D:10     | Identified the +3 dagger of Fundamental Breach {heavy, rC+
                  | rN+}
  7507 | D:10     | Noticed a centaur warrior
  7526 | D:10     | Killed a centaur warrior
  7527 | D:10     | Reached XP level 11. HP: 53/68 MP: 11/11
  7994 | D:11     | Reached skill level 9 in Fighting
  7994 | D:11     | Reached skill level 10 in Armour
  7994 | D:11     | Reached skill level 5 in Dodging
  7994 | D:11     | Reached skill level 5 in Stealth
  7994 | D:11     | Reached XP level 12. HP: 76/76 MP: 12/12
  8087 | D:11     | Noticed a two-headed ogre
  8092 | D:11     | Killed a two-headed ogre
  8405 | D:11     | Found a staircase to the Lair.
  8696 | D:11     | Found Hyanekhlo's Magic Scroll Shoppe.
  8725 | D:11     | Bought a scroll of enchant weapon for 97 gold pieces
  8790 | Lair:1   | Entered Level 1 of the Lair of Beasts
  8859 | Lair:1   | Noticed Essalna's ghost (novice DrTm)
  8872 | Lair:1   | Noticed Gastronok
  8884 | Lair:1   | Killed Gastronok
  9105 | Lair:1   | Reached skill level 10 in Fighting
  9222 | Lair:1   | Noticed Sonja
  9274 | Lair:1   | Killed Sonja
  9275 | Lair:1   | Reached XP level 13. HP: 54/83 MP: 13/13
  9641 | Lair:2   | Reached skill level 11 in Fighting
  9641 | Lair:2   | Reached skill level 1 in Throwing
  9673 | Lair:2   | Reached skill level 5 in Axes
  9972 | Lair:2   | Found a hole to the Spider Nest.
 10081 | Lair:2   | Noticed Harold
 10092 | Lair:2   | Killed Harold
 10637 | Lair:3   | Found a gate leading to a gauntlet.
 10643 | Gauntlet | Entered a Gauntlet
 10643 | Gauntlet | Found a transporter.
 10643 | Gauntlet | Found a transporter.
 10654 | Gauntlet | Paralysed by a floating eye for 2 turns
 10661 | Gauntlet | Found a transporter.
 10661 | Gauntlet | Found a transporter.
 10661 | Gauntlet | Found a transporter.
 10663 | Gauntlet | Found a transporter.
 10679 | Gauntlet | Found a transporter.
 10681 | Gauntlet | Found a transporter.
 10684 | Gauntlet | Found a runed translucent door.
 10685 | Gauntlet | Found a runed translucent door.
 10716 | Gauntlet | Found a transporter.
 10742 | Gauntlet | Found a transporter.
 10742 | Gauntlet | Found a transporter.
 10784 | Gauntlet | Lost mutation: Your mind is acute. (Int +4, Str/Dex -1)
                  | [potion of mutation]
 10784 | Gauntlet | Gained mutation: You are agile. (Dex +4, Str/Int -1)
                  | [potion of mutation]
 10794 | Gauntlet | Noticed a minotaur
 10807 | Gauntlet | Killed a minotaur
 10851 | Lair:3   | Found a staircase to the Shoals.
 10856 | Lair:3   | Noticed Urug
 10863 | Lair:3   | Killed Urug
 10877 | Lair:3   | Found a snail-covered altar of Cheibriados.
 10961 | Lair:3   | Gained mutation: Your large and strong wings let you fly.
                  | [Gargoyle growth]
 10961 | Lair:3   | Reached XP level 14. HP: 89/91 MP: 14/14
 11163 | Lair:3   | Found a transporter.
 11163 | Lair:3   | Noticed Boihitt's ghost (journeyman DjEE)
 11179 | Lair:3   | Found a transporter.
 11266 | Lair:3   | Reached skill level 12 in Fighting
 11364 | Lair:3   | Found a runed translucent door.
 11372 | Lair:3   | Noticed a reaper
 11425 | Lair:3   | Killed a reaper
 11765 | Lair:4   | Reached skill level 1 in Polearms
 12587 | Lair:5   | Entered Level 5 of the Lair of Beasts
 12635 | Lair:5   | Found a staircase to the Slime Pits.
 12654 | Lair:5   | Found a viscous altar of Jiyva.
 12661 | Lair:5   | Found a frozen archway.
 12681 | IceCv    | Entered an ice cave
 12762 | IceCv    | Reached skill level 10 in Axes
 12920 | Lair:5   | Identified the +3 orcbow of the Silent Majority {speed,
                  | rCorr Int-3 Stlth+}
 12951 | Lair:5   | Reached skill level 1 in Shields
 13367 | Lair:5   | Reached skill level 13 in Fighting
 13380 | Lair:5   | Identified the +0 plate armour "Xysix" {rPois rC+ Dex-5
                  | Stlth+}
 13500 | Lair:5   | Reached XP level 15. HP: 98/98 MP: 15/15
 14009 | D:12     | Found Saenox's Book Shoppe.
 14009 | D:12     | Found Boickan's General Store.
 14009 | D:12     | Found Hidas's Jewellery Shoppe.
 14103 | D:12     | Noticed Nergalle
 14109 | D:12     | Killed Nergalle
 14272 | D:12     | Bought a potion of mutation for 96 gold pieces
 14484 | D:12     | Noticed Rupert
 14487 | D:12     | Reached ***** piety under Trog
 14491 | D:12     | Paralysed by Rupert for 4 turns
 14504 | D:12     | Killed Rupert
 14652 | D:12     | You are sucked into a shaft and drop 1 floor!
 15189 | D:13     | Reached skill level 5 in Shields
 15361 | D:13     | Identified the +1 ring mail "Epemin" {MP+9 Str+2}
 15464 | D:13     | Noticed Josephine
 15471 | D:13     | Killed Josephine
 15690 | D:14     | Identified the +6 spear "Gibouq" {holy, rElec rPois Str-3}
 16366 | D:14     | Found a gate to the Vaults.
 16601 | D:15     | Entered Level 15 of the Dungeon
 16623 | D:15     | Reached XP level 16. HP: 103/105 MP: 16/16
 16695 | D:15     | Reached skill level 14 in Fighting
 17149 | D:15     | Found a staircase to the Depths.
 17877 | Orc:1    | Entered Level 1 of the Orcish Mines
 17877 | Orc:1    | Found a transporter.
 17879 | Orc:1    | Noticed Fifoluuw's ghost (journeyman TrTm)
 17880 | Orc:1    | Found a bloodstained altar of Trog.
 17880 | Orc:1    | Found a transporter.
 17907 | Orc:1    | Killed Fifoluuw's ghost
 17921 | Orc:1    | Identified the +0 scale mail of Mental Paralysis {Stlth+}
 17923 | Orc:1    | Identified the +6 falchion "Laptinoz" {holy, Will+ Dex-5
                  | SInv}
 18109 | Orc:1    | Gained mutation: Armour fits poorly on your strangely
                  | shaped body. [a neqoxec]
 18111 | Orc:1    | Gained mutation: You sometimes lose your temper in combat.
                  | [a neqoxec]
 18138 | Orc:1    | Received a gift from Trog
 18278 | Orc:2    | Entered Level 2 of the Orcish Mines
 18530 | Orc:2    | Found a staircase to the Elven Halls.
 18577 | Orc:2    | Noticed Maurice
 18595 | Orc:2    | Found Fonon's Magic Scroll Boutique.
 18601 | Orc:2    | Noticed Nessos
 18632 | Orc:2    | Killed Nessos
 19008 | Orc:2    | Killed Maurice
 19055 | Orc:2    | Identified a scroll of acquirement
 19055 | Orc:2    | Acquired the +3 pair of mountain boots {steadfast, rC+}
 19055 | Orc:2    | Found the +3 pair of mountain boots {steadfast, rC+}
 19179 | Orc:2    | Found Ewunk's Assorted Antiques.
 19186 | Orc:2    | Found Reucewk's Assorted Antiques.
 19186 | Orc:2    | Found Uphituat's Antique Weapon Shoppe.
 19205 | Orc:2    | Bought a potion of heal wounds for 170 gold pieces
 19205 | Orc:2    | Bought a scroll of teleportation for 102 gold pieces
 19205 | Orc:2    | Bought a scroll of teleportation for 102 gold pieces
 19207 | Orc:2    | Bought a scroll of enchant weapon for 105 gold pieces
 19207 | Orc:2    | Bought a scroll of enchant armour for 105 gold pieces
 19207 | Orc:2    | Bought a scroll of teleportation for 42 gold pieces
 19207 | Orc:2    | Bought a scroll of teleportation for 42 gold pieces
 19554 | Shoals:1 | Entered Level 1 of the Shoals
 19584 | Shoals:1 | Noticed Nikola
 19594 | Shoals:1 | Killed Nikola
 19665 | Shoals:1 | Noticed Frances
 19675 | Shoals:1 | Reached skill level 15 in Fighting
 19676 | Shoals:1 | Killed Frances
 19770 | Shoals:1 | Reached XP level 17. HP: 90/113 MP: 17/17
 20031 | Shoals:1 | Received a gift from Trog
 20110 | Shoals:1 | Upgraded the game from 0.31-a0-234-gad7ace16ef to
                  | 0.31-a0-237-g2d982f9f85
 20745 | Shoals:1 | Reached skill level 10 in Shields
 21106 | Shoals:2 | Reached skill level 15 in Axes
 21228 | Shoals:2 | Found a runed translucent gate.
 21228 | Shoals:2 | Found a runed translucent gate.
 21228 | Shoals:2 | Found a runed translucent gate.
 21244 | Shoals:2 | Identified the +7 short sword of Vodka {speed, Will+}
 21253 | Shoals:2 | Noticed Focy's ghost (adept MiFi)
 21684 | Shoals:2 | Killed Focy's ghost
 21697 | Shoals:2 | Identified the +1 hat of Hide-and-Seek {rPois}
 21780 | Shoals:3 | Noticed Donald
 21790 | Shoals:3 | Killed Donald
 21832 | Shoals:3 | Acquired 783 gold pieces
 21839 | Shoals:3 | Received a gift from Trog
 22256 | Shoals:3 | Noticed Aizul
 22272 | Shoals:3 | Killed Aizul
 22736 | Shoals:4 | Entered Level 4 of the Shoals
 22864 | Shoals:4 | Reached XP level 18. HP: 96/120 MP: 14/18
 23384 | Shoals:4 | Reached skill level 5 in Throwing
 23404 | Shoals:4 | Got a barnacled rune of Zot
 23554 | Shoals:4 | Reached skill level 16 in Fighting
 23593 | Shoals:4 | Received a gift from Trog
 23700 | Shoals:4 | Found Wucun's Distillery.
 23754 | Shoals:4 | Found Laaweh's Armour Boutique.
 23841 | Shoals:4 | Found Qofinuo's General Store.
 23841 | Shoals:4 | Noticed Ilsuiw
 23889 | Shoals:4 | Killed Ilsuiw
 24002 | Shoals:4 | Bought a scroll of enchant weapon for 97 gold pieces
 24002 | Shoals:4 | Bought a scroll of teleportation for 39 gold pieces
 24500 | Vaults:1 | Entered Level 1 of the Vaults
 25863 | Vaults:1 | Reached XP level 19. HP: 127/127 MP: 19/19
 27500 | Vaults:2 | Reached skill level 17 in Fighting
 27750 | Vaults:2 | Found a staircase to the Crypt.
 28616 | Vaults:3 | Received a gift from Trog
 29076 | Vaults:3 | Found Ceang's Jewellery Emporium.
 29211 | Vaults:3 | Reached skill level 15 in Shields
 29356 | Vaults:3 | Identified the +5 plate armour "Usishrofi" {+Inv rPois rF-}
 29444 | Vaults:4 | Reached XP level 20. HP: 124/134 MP: 20/20
 29783 | Vaults:4 | Lost mutation: You sometimes lose your temper in combat.
                  | [potion of mutation]
 29783 | Vaults:4 | Lost mutation: Armour fits poorly on your strangely shaped
                  | body. [potion of mutation]
 29783 | Vaults:4 | Gained mutation: Your mind is acute. (Int +4, Str/Dex -1)
                  | [potion of mutation]
 29783 | Vaults:4 | Gained mutation: Your body sometimes deteriorates upon
                  | taking damage. [potion of mutation]
 29783 | Vaults:4 | Lost mutation: You are agile. (Dex +4, Str/Int -1) [potion
                  | of mutation]
 29784 | Vaults:4 | Lost mutation: Your mind is acute. (Int +4, Str/Dex -1)
                  | [potion of mutation]
 29784 | Vaults:4 | Lost mutation: Your body sometimes deteriorates upon taking
                  | damage. [potion of mutation]
 29784 | Vaults:4 | Gained mutation: You are partially covered in large bone
                  | plates. (SH +4) [potion of mutation]
 29784 | Vaults:4 | Gained mutation: Your magical capacity is low. (-10% MP)
                  | [potion of mutation]
 29784 | Vaults:4 | Gained mutation: You have very sharp teeth. [potion of
                  | mutation]
 29785 | Vaults:4 | Lost mutation: You are partially covered in large bone
                  | plates. (SH +4) [potion of mutation]
 29785 | Vaults:4 | Lost mutation: Your magical capacity is low. (-10% MP)
                  | [potion of mutation]
 29785 | Vaults:4 | Lost mutation: You have very sharp teeth. [potion of
                  | mutation]
 29785 | Vaults:4 | Gained mutation: You are clumsy. (Dex -2) [potion of
                  | mutation]
 29785 | Vaults:4 | Gained mutation: You are partially covered in iridescent
                  | scales. (AC +2) [potion of mutation]
 29785 | Vaults:4 | Gained mutation: You have a pair of small antennae on your
                  | head. [potion of mutation]
 29785 | Vaults:4 | Gained mutation: Your spells are a little harder to cast,
                  | but a little more powerful. [potion of mutation]
 29786 | Vaults:4 | Lost mutation: You have a pair of small antennae on your
                  | head. [potion of mutation]
 29786 | Vaults:4 | Lost mutation: You are partially covered in iridescent
                  | scales. (AC +2) [potion of mutation]
 29786 | Vaults:4 | Lost mutation: You are clumsy. (Dex -2) [potion of
                  | mutation]
 29786 | Vaults:4 | Gained mutation: You have hidden genetic potential. [potion
                  | of mutation]
 29786 | Vaults:4 | Gained mutation: Your muscles are strong. (Str +4, Int/Dex
                  | -1) [potion of mutation]
 30347 | Vaults:4 | Reached skill level 18 in Fighting
 31116 | Vaults:5 | Entered Level 5 of the Vaults
 31181 | Vaults:5 | Noticed a golden dragon
 31531 | Vaults:4 | Killed from afar by a quicksilver dragon

Illustrated notes

Levels and vault maps discovered:
D:1:      scummos_arrival_hexagon, layout_rooms, serial_shops,
          nicolae_shop_pleasant_corner_grove
D:2:      layout_basic, uniq_robin, uniq_crazy_yiuf_cottage
D:3:      layout_basic, grunt_ashenzari_visionary
          [grunt_ashenzari_visionary_shoals, grunt_ashenzari_visionary_spider],
          fedhas_altar_1, shapermc_ecumenical_altar_gd,
          gammafunk_ghost_gnarly_gnolls
D:4:      layout_loops_corners, nicolae_grassy_gnolls, uniq_grinder, uniq_pikel,
          uniq_blork_the_orc
D:5:      layout_cave_pools
D:6:      layout_loops_ring, mainiacjoe_overflow_chevrons,
          minmay_temple_entry_purple_smoke, uniq_maggie, uniq_duvessa,
          uniq_menkaure
D:7:      kennysheep_big_flooded_room, layout_layer_cave, st_stairs_13
D:8:      layout_loops_ring, nicolae_wu_jian_immortal_techniques
D:9:      layout_irregular_city, minmay_orc_entry_temple_small,
          nicolae_nh_oracle_at_delphi
D:10:     layout_loops_corners
D:11:     layout_roguey, david_lair_shrubbed, serial_shops, shop
D:12:     layout_loops_ring, serial_bayou, serial_bayou_ford_a,
          serial_bayou_crossing, serial_bayou_shore_a, serial_bayou_pond_b,
          serial_bayou_shore_b, serial_bayou_pond_d,
          nicolae_shop_distant_corner_stores, uniq_nergalle, uniq_rupert
D:13:     layout_roguey, uniq_josephine
D:14:     layout_small_grid, hangedman_vaults_entry_quadrant_bands,
          infiniplex_staircase_zigzag_4
D:15:     grunt_enter_depths_hoard, layout_rooms,
          hangedman_decor_clover_reticule, minmay_fractal_squares_gapless_7
Lair:1:   layout_regular_city, gammafunk_ghost_arena,
          chequers_serial_rivers_micro_e, chequers_serial_rivers_small_b,
          uniq_gastronok, uniq_sonja, uniq_fannar
Lair:2:   layout_small_grid, nicolae_spider_entry_orb_guardian,
          bobbens_dragon_lair_wall, infiniplex_staircase_pool_2,
          grunt_megastairs_3, uniq_harold
Lair:3:   layout_regular_city, minmay_shoals_entry_lonely_mermaid,
          gauntlet_entry_generic, gammafunk_ghost_berserking_beasts,
          basic_altar, pdpol_lair_cabin_in_the_woods, uniq_urug
Lair:4:   layout_regular_city
Lair:5:   grunt_lair_end_beastmaster, layout_regular_city,
          nicolae_slime_entry_field_trip, portal_ice_cave_entry_pillars_1,
          grunt_forest_small_clearing_treed
Shoals:1: layout_shoals, nicolae_shoals_land_atoll, nicolae_shoals_gull_way,
          uniq_nikola, uniq_frances
Shoals:2: layout_shoals, gammafunk_ghost_tricky_traps
Shoals:3: layout_shoals, uniq_donald, uniq_aizul
Shoals:4: shoals_end_grunt_ice, layout_shoals, shoals_ilsuiw_ice, serial_shops,
          shop, shop, shop
Orc:1:    layout_diamond_mine, gammafunk_ghost_wrathful_warriors
Orc:2:    st_orc_elflike, layout_diamond_mine, lightli_orcish_oven,
          uniq_maurice, uniq_nessos
Vaults:1: nicolae_vaults_diagonal_hallway_9, grunt_vaults_funnel,
          nicolae_vaults_variable_pillar_hall, nicolae_vaults_three_branches,
          vaults_room_grunt_arrival_ludios, nicolae_vaults_spaceships,
          nicolae_vaults_more_shelving_2, nicolae_vaults_storage_closets_2,
          ontoclasm_vaults_loading_screen, ontoclasm_vaults_fault,
          hangedman_vaults_corner_blocks, ontoclasm_vaults_ring_small,
          nicolae_vaults_tetromino_L_1, layout_vaults_maze
Vaults:2: minmay_crypt_entry_skeletal_spiral, nicolae_vaults_tetromino_Z_2,
          nicolae_vaults_two_Ls, nicolae_vaults_variable_pillar_hall,
          vaults_dpeg_diagonal, nicolae_vaults_double_plus_2, v_misc_9,
          layout_vaults_omnigrid
Vaults:3: nicolae_vaults_mitosis, nicolae_vaults_windows_and_doors_thing,
          nicolae_vaults_stairing_the_circle, v_misc_3, vaults_room_fours,
          nicolae_vaults_house_2, ontoclasm_vaults_spin,
          ontoclasm_vaults_ring_square, nicolae_vaults_diagonal_hallway_6,
          nicolae_vaults_diagonal_hallway_7, layout_vaults_big_room,
          serial_shops, shop
Vaults:4: vaults_standard_mumra_lines, nicolae_vaults_trapezoid_3,
          nicolae_vaults_wrenched, nicolae_vaults_tetromino_Z_1,
          nicolae_vaults_asterisk, vaults_room_fancy_cross,
          vaults_room_door_ring, hangedman_vaults_pinch,
          nicolae_vaults_network_star, nicolae_vaults_mini_display_case,
          nicolae_vaults_alarming, ontoclasm_vaults_pinch, layout_vaults_ring
Vaults:5

Skill      XL: |  1  2  3  4  5  6  7  8  9 10 11 12 13 14 15 16 17 18 19 20 |
---------------+-------------------------------------------------------------+-----
Axes           | 3 4 8 11 12 14 15 16 17 | 17.4
Dodging        | 2 3 4 5 6 7 8 |  8.5
Fighting       | 4 5 6 7 9 10 11 13 15 16 17 18 | 18.4
Armour         | 3 4 5 6 7 9 10 11 12 13 14 | 14.6
Staves         | 1 3 5 6 8 10 11 13 | 13.8
Stealth        | 1 2 5 |  5.7
Throwing       | 1 4 6 8 9 |  9.3
Polearms       | 2 |  2.1
Shields        | 3 6 9 11 13 15 16 | 16.1

Action                     |  1- 3 |  4- 6 |  7- 9 | 10-12 | 13-15 | 16-18 | 19-21 || total
---------------------------+-------+-------+-------+-------+-------+-------+-------++-------
  Melee: Hand axe          |    52 |       |       |       |       |       |       ||    52
         War axe           |    25 |    35 |       |     2 |  1014 |  1180 |   698 ||  2954
         Quarterstaff      |       |    80 |   235 |   398 |    69 |       |       ||   782
         Punch             |       |       |       |       |     6 |       |       ||     6
         Demon trident     |       |       |       |       |    14 |       |       ||    14
  Throw: Dart              |       |       |       |     8 |     4 |       |       ||    12
 Invoke: Berserk           |     3 |     3 |     1 |     4 |    21 |    17 |     9 ||    58
         Trog's Hand       |       |     2 |     5 |     5 |    25 |    19 |    10 ||    66
         Brothers in Arms  |       |       |       |     1 |     4 |     7 |     4 ||    16
  Evoke: Wand              |       |       |       |     1 |       |       |       ||     1
    Use: Scroll            |     1 |     8 |    15 |     7 |     8 |    12 |     6 ||    57
         Potion            |       |     5 |     6 |     1 |     3 |       |     7 ||    22
   Stab: Paralysed         |       |     1 |       |       |       |       |       ||     1
         Confused          |       |       |     2 |     1 |       |       |       ||     3
 Armour: Animal skin       |     9 |       |       |       |       |       |       ||     9
         Ring mail         |    43 |    24 |       |       |       |       |       ||    67
         Chain mail        |       |    57 |   204 |   272 |   990 |   692 |   269 ||  2484
  Dodge: Dodged            |    69 |    86 |   139 |   204 |   742 |   456 |   205 ||  1901
  Block: Tower shield      |       |       |       |       |   549 |  1539 |   806 ||  2894
         Reflection        |       |       |       |       |       |    65 |    55 ||   120

Table legend: (Time is in decaauts)
 A = Elapsed time spent in this place.
 B = Non-inter-level travel time spent in this place.
 C = Inter-level travel time spent in this place.
 D = Time resting spent in this place.
 E = Time spent auto-exploring this place.
 F = Levels seen in this place.
 G = Mean time per level.
                   A        B        C        D        E       F      G
               +--------+--------+--------+--------+--------+-----+--------+
         Total |  32170 |  30240 |   1930 |   2256 |  19637 |  33 |  974.8 |
       Dungeon |  13077 |  11894 |   1183 |     89 |   8731 |  15 |  871.8 |
          Lair |   5127 |   4771 |    356 |     83 |   3002 |   5 | 1025.4 |
        Shoals |   4845 |   4685 |    160 |     69 |   3343 |   4 | 1211.2 |
  Orcish Mines |   1516 |   1406 |    110 |     30 |    875 |   2 |  758.0 |
        Vaults |   7142 |   7022 |    120 |   1903 |   3685 |   5 | 1428.4 |
      Ice Cave |    260 |    260 |      0 |     16 |      0 |   1 |  260.0 |
      Gauntlet |    201 |    201 |      0 |     64 |      0 |   1 |  201.0 |
               +--------+--------+--------+--------+--------+-----+--------+

Top non-repeatable levels by time:
Vaults:4: 2126 daAuts
Vaults:1: 2011 daAuts
Shoals:4: 1550 daAuts
Vaults:2: 1518 daAuts
Vaults:3: 1472 daAuts
Shoals:1: 1298 daAuts
    D:14: 1187 daAuts
  Lair:2: 1179 daAuts
  Lair:5: 1107 daAuts
Shoals:3: 1041 daAuts
  Lair:3: 1032 daAuts
     D:7: 992 daAuts
  Lair:4: 990 daAuts
     D:3: 990 daAuts
    D:10: 986 daAuts
